 Dungeon Crawl Stone Soup version 0.31-a0-1405-g2bb1a01664 (webtiles) character file.

Game seed: 3984028548844034039

260 jasper the Chopper (level 5, -2/38 HPs)
             Began as a Demonspawn Reaver on Dec 25, 2023.
             Killed from afar by an orc wizard (5 damage)
             ... with a magic dart
             ... on level 4 of the Dungeon.
             The game lasted 00:03:49 (2366 turns).

jasper the Chopper (Demonspawn Reaver)              Turns: 2366, Time: 00:03:50

Health: -2/38      AC:  5    Str: 15    XL:     5   Next: 95%
Magic:  8/8        EV: 10    Int: 19    God:
Gold:   137        SH:  0    Dex: 11    Spells: 2/8 levels left

rFire   . . .        a - +0 hand axe
rCold   . . .        (no shield)
rNeg    . . .        f - +0 ring mail
rPois   .            (no helmet)
rElec   .            (no cloak)
rCorr   .            (no gloves)
SInv    .            (no boots)
Will    .....        (no amulet)
Stlth   +            j - +6 ring of intelligence
HPRegen 0.26/turn    (no ring)
MPRegen 0.11/turn

%: no passive effects
@: about to teleport
A: spiny 1, demonic touch 1
a: no special abilities


You were on level 4 of the Dungeon.
You visited 1 branch of the dungeon, and saw 4 of its levels.

You collected 137 gold pieces.

Inventory:

Hand Weapons
 a - a +0 hand axe (weapon)
 e - a +0 flail
Missiles
 m - 4 poisoned darts
Armour
 b - a +0 leather armour
 f - a +0 ring mail (worn)
Jewellery
 j - a +6 ring of intelligence (left hand)
Wands
 g - a wand of roots (4)
Scrolls
 c - 2 scrolls of identify
 d - 2 scrolls of teleportation
 h - a scroll of summoning {unknown}
 i - a scroll of amnesia {unknown}
 k - a scroll of blinking {unknown}


   Skills:
 - Level 2.0 Fighting
 + Level 6.1 Axes
 - Level 1.7 Dodging
 - Level 2.0 Spellcasting
 - Level 3.0 Conjurations


You had 2 spell levels left.
You knew the following spells:

 Your Spells              Type           Power      Damage    Failure   Level
a - Kiss of Death         Conj/Necr      28%        2d7       19%         1
b - Passwall              Alch/Erth      0%         N/A       45%         2
c - Swiftness             Air            1%         N/A       69%         3

Your spell library contained the following spells:

 Spells                   Type           Power      Damage    Failure   Level
 Momentum Strike          Conj/Tloc      14%        3d8       26%         2
 Ensorcelled Hibernation  Hex/Ice        2%         N/A       45%         2
 Sublimation of Blood     Necr           1%         N/A       45%         2
 Hailstorm                Conj/Ice       7%         3d5       47%         3
 Petrify                  Alch/Erth      1%         N/A       97%         4
 Irradiate                Conj/Alch      3%         3d12      99%         5


Dungeon Overview and Level Annotations

Branches:
Dungeon (4/15)
 Temple: D:4-7

Altars:
Wu Jian


Innate Abilities, Weirdness & Mutations

You are partially covered in sharp spines.
Your touch may inflict minor irresistible damage on your foes.


Message History

Something hits you.
You take 4 damage, and have 20/38 hp.
You're too confused to move!
The ball python is struck by your spines.
You kill the ball python!
You hear some strange, mumbled words.
A magic dart appears from out of thin air!
The magic dart hits you.
You take 5 damage, and have 15/38 hp.
You completely miss something. You barely miss something. You miss something.
Something hits you. Something hits you but does no damage.
You take 1 damage, and have 14/38 hp.
You're too confused to move!
Something hits you. Something hits you but does no damage. Something hits you.
* * * LOW HITPOINT WARNING * * *
You take 3 damage, and have 11/38 hp.
You aren't carrying any potions.
Unknown command.
You aren't carrying any potions.
You closely miss something. You miss something. You barely miss something.
You feel less confused. Something hits you but does no damage.
You hear some strange, mumbled words.
A magic dart appears from out of thin air!
The magic dart hits you.
* * * LOW HITPOINT WARNING * * *
Something hits you but does no damage.
You take 6 damage, and have 5/38 hp.
Okay, then.
Okay, then.
As you read the scroll of teleportation, it crumbles to dust.
You feel strangely unstable. Something hits you.
* * * LOW HITPOINT WARNING * * *
Something hits you but does no damage. x2
You take 3 damage, and have 2/38 hp.
You hear some strange, mumbled words.
Something tries to affect you, but you resist.
A magic dart appears from out of thin air!
The magic dart hits you.
You die...

...........
...............##
(......[..).....##
....... ........#
...... #..o...#
#.... ##{{# #...
##..##
.###...##...#
.........@###
...####<### #...#
##.... .#..... .
##...# #. ..... #.
.... .. .>..


You could see an orc.

Vanquished Creatures
  A phantom (D:4)
  3 orc wizards (D:3)
  5 adders
  A worm (D:2)
  4 orcs (D:3)
  6 ball pythons
  6 bats (D:2)
  5 endoplasms
  A giant cockroach (D:3)
  5 goblins
  6 hobgoblins
  4 jackals (D:2)
  6 kobolds
  3 quokkas
  3 frilled lizards
  5 rats
64 creatures vanquished.

Notes
Turn   | Place    | Note
-------+----------+-------------------------------------------
     0 | D:1      | jasper the Demonspawn Reaver began the quest for the Orb.
     0 | D:1      | Reached XP level 1. HP: 16/16 MP: 3/3
    24 | D:1      | Reached skill level 3 in Axes
   126 | D:1      | Gained mutation: Your touch may inflict minor irresistible
                  | damage on your foes. [demonic ancestry]
   126 | D:1      | Reached XP level 2. HP: 19/22 MP: 5/5
   681 | D:2      | Gained mutation: You are partially covered in sharp spines.
                  | [demonic ancestry]
   681 | D:2      | Reached XP level 3. HP: 18/27 MP: 6/6
   718 | D:2      | Found an ornate altar of the Wu Jian Council.
   748 | D:2      | Reached skill level 4 in Axes
   791 | D:2      | Found a faded altar of an unknown god.
   934 | D:2      | Reached XP level 4. HP: 33/33 MP: 7/7
  1181 | D:2      | Learned a level 2 spell: Passwall
  1185 | D:2      | Learned a level 3 spell: Swiftness
  1392 | D:3      | Reached skill level 5 in Axes
  1855 | D:3      | Reached XP level 5. HP: 38/38 MP: 8/8
  2343 | D:4      | Noticed a phantom
  2352 | D:4      | Killed a phantom
  2353 | D:4      | Reached skill level 6 in Axes
  2366 | D:4      | Killed from afar by an orc wizard

Illustrated notes

Levels and vault maps discovered:
D:1:      heliophobic_arrival_glass_houses, layout_rooms, minivault_26
D:2:      layout_rooms, chequers_ecumenical_altar_simple_redux, basic_altar,
          minmay_cut_off
D:3:      wad_lake_hut, layout_basic, good_gods_mini_temple
D:4:      layout_cave_pools, grunt_temple_overflow_champion_of_chaos,
          vehumet_crystals, grunt_temple_overflow_open, gup_sewer_entry_glass

Skill      XL: |  1  2  3  4  5 |
---------------+----------------+-----
Axes           | 3 4 5 6 |  6.1
Fighting       | |  2.0
Dodging        | |  1.7
Spellcasting   | |  2.0
Conjurations   | |  3.0

Action                     |  1- 3 |  4- 6 || total
---------------------------+-------+-------++-------
  Melee: Hand axe          |    88 |    75 ||   163
         Touch             |     7 |     9 ||    16
   Cast: Kiss of Death     |       |     1 ||     1
    Use: Scroll            |     2 |     1 ||     3
         Potion            |       |     1 ||     1
 Armour: Leather armour    |    13 |       ||    13
         Ring mail         |    43 |    63 ||   106
  Dodge: Dodged            |    41 |    26 ||    67

Table legend: (Time is in decaauts)
 A = Elapsed time spent in this place.
 B = Non-inter-level travel time spent in this place.
 C = Inter-level travel time spent in this place.
 D = Time resting spent in this place.
 E = Time spent auto-exploring this place.
 F = Levels seen in this place.
 G = Mean time per level.
                   A        B        C        D        E       F      G
               +--------+--------+--------+--------+--------+-----+--------+
         Total |   2417 |   2289 |    128 |    259 |   1497 |   4 |  604.2 |
       Dungeon |   2417 |   2289 |    128 |    259 |   1497 |   4 |  604.2 |
               +--------+--------+--------+--------+--------+-----+--------+

Top non-repeatable levels by time:
     D:3: 1168 daAuts
     D:2: 677 daAuts
     D:1: 547 daAuts
     D:4: 24 daAuts
